 Dungeon Crawl Stone Soup version 0.20-a0-40-gb6e7b4f (webtiles) character file.

6778 Faca the Cleaver (level 10, -2/74 HPs)
             Began as a Minotaur Berserker on Nov 11, 2016.
             Was a High Priest of Trog.
             Killed from afar by an orc wizard (6 damage)
             ... with a magic dart
             ... on level 10 of the Dungeon.
             The game lasted 01:17:02 (10646 turns).

Faca the Cleaver (Minotaur Berserker)              Turns: 10646, Time: 01:17:02

Health: -2/74      AC: 13    Str: 21    XL:     10   Next: 76%
Magic:  0/9        EV: 15    Int:  0    God:    Trog [*****.]
Gold:   444        SH: 11    Dex: 10    Spells: 0 memorised, 9 levels left

rFire  + . .     SeeInvis .     E - +0 hand axe (chop)
rCold  . . .     Gourm    .     k - +2 scale mail {rPois}
rNeg   . . .     Faith    .     N - +2 shield
rPois  +         Spirit   +     (helmet restricted)
rElec  .         Reflect  .     n - +1 cloak
rCorr  .         Harm     .     D - +0 pair of gloves
MR     .....     Rnd*Tele +     K - +0 pair of boots
Stlth  ..........               r - amulet of guardian spirit
                                I - ring of protection from fire
                                e - +4 ring of evasion

@: slowed, lost intelligence, very slow
A: retaliatory headbutt, horns 2, deformed body, deterioration 2, dopey 2, frail
2, teleportitis 2, weak 2, MP-powered wands
a: Berserk, Trog's Hand, Brothers in Arms, Burn Spellbooks, Renounce Religion


You were on level 10 of the Dungeon.
You worshipped Trog.
Trog was extremely pleased with you.
You were not hungry.

You visited 1 branch of the dungeon, and saw 10 of its levels.
You visited the Abyss 1 time.

You collected 444 gold pieces.

Inventory:

Hand Weapons
 a - a +1 hand axe
 m - a +3 quarterstaff of chaos
 E - a +0 hand axe of chopping (weapon)
Missiles
 c - 3 steel javelins
 v - 3 silver javelins (quivered)
Armour
 k - a +2 scale mail of poison resistance (worn)
 n - a +1 cloak (worn)
 D - a +0 pair of gloves (worn)
 K - a +0 pair of boots (worn)
 N - a +2 shield (worn)
Jewellery
 e - a +4 ring of evasion (left hand)
 r - an amulet of guardian spirit (around neck)
 I - a ring of protection from fire (right hand)
Wands
 g - a wand of polymorph (19/24)
 B - a wand of lightning (8/15)
 F - a wand of polymorph (3/24)
Scrolls
 f - 2 scrolls of enchant weapon
 h - a scroll of silence
 l - 4 scrolls of remove curse
 t - 2 scrolls of recharging
 y - a scroll of fear
 A - a scroll of magic mapping
 L - a scroll of identify
Potions
 b - 4 potions of haste
 d - 2 potions of flight {unknown}
 o - 2 potions of curing
 p - 2 potions of ambrosia {unknown}
 s - a potion of brilliance {unknown}
 u - 4 potions of heal wounds {unknown}
 w - a potion of berserk rage {unknown}
 x - a potion of invisibility {unknown}
 G - a potion of magic {unknown}
 M - a potion of beneficial mutation {unknown}
Comestibles
 i - 2 meat rations
 j - 2 beef jerkies
 q - 5 slices of pizza
 C - 5 bread rations
 J - a royal jelly


   Skills:
 + Level 10.2 Fighting
 + Level 10.4 Axes
 + Level 9.9 Armour
 + Level 9.3 Dodging
 + Level 3.3 Shields


You had 9 spell levels left.
You didn't know any spells.

Dungeon Overview and Level Annotations

Branches:
Dungeon (10/15)            Temple (0/1) D:6
   Lair: D:8-11         Orc: D:9-12

Altars:
Ashenzari
Okawaru
Xom

Shops:
D:6 :

Annotations:
D:5 Faca's ghost, novice GrFi


Innate Abilities, Weirdness & Mutations

You reflexively headbutt those who attack you in melee.
You have a pair of horns on your head.
[Armour fits poorly on your strangely shaped body.]
[Your body often deteriorates upon taking damage.]
[You are very dopey. (Int -4)]
[You are very frail. (-20% HP)]
[You are sometimes teleported next to monsters.]
[You are very weak. (Str -4)]
[You expend magic power (3 MP) to strengthen your wands.]


Message History

The small abomination barely misses you.
You block the thrashing horror's attack.
The thrashing horror closely misses you.
Found 28 gold pieces.
The thrashing horror roars!
You block the thrashing horror's attack.
The thrashing horror tramples you but does no damage.
The small abomination hits you.
* * * LOW HITPOINT WARNING * * *
You block the small abomination's attack.
There is an open door here.
You are suddenly pulled into a different region of the Abyss!
Found a gateway leading out of the Abyss.
Found a glowing fustibalus.
There is a gateway leading out of the Abyss here.
You pass through the gate.
Welcome back to the Dungeon! x2
The orc wizard gestures at you while chanting.
The magic dart hits you!
You die...

##### ####.... ..#.### #.#....
###.#.... #...†[... #
.......#....
#.#######.######....
#oo@o........###....
########...#.##.#......
#......'...#.#.........
#.######...#.##...####.
#.#...##...#.##...# #.
#.#.#.##...#.##...# #.
#######.#.#.####.#.##...####.
.......[.....................
..#######.#.########(##...####.


You could see an orc warrior, an orc wizard and an orc.

Vanquished Creatures
  An unseen horror (D:9)
  A two-headed ogre (D:8)
  A troll (D:10)
  2 hippogriffs (D:9)
  Sigmund (D:6)
  A meliai zombie (D:10)
  A spriggan (D:8)
  6 yaks (D:7)
  Menkaure (D:6)
  5 orc warriors
  2 sky beasts
  2 ice beasts
  2 ogres
  A necrophage (D:5)
  3 centaurs
  5 bullfrogs
  3 scorpions
  3 howler monkeys (D:9)
  6 crimson imps
  2 bullfrog zombies
  6 hounds
  4 jellies
  7 orc priests
  Crazy Yiuf (D:3)
  A centaur skeleton (D:9)
  15 orc wizards
  4 iguanas
  Ijyb (D:2)
  9 worker ants
  A hound zombie (D:5)
  2 hound skeletons
  Robin (D:2)
  3 gnolls (D:8)
  10 adders
  3 shadow imps
  An ooze (D:3)
  2 adder skeletons
  An adder zombie (D:8)
  2 worms (D:2)
  A dart slug (D:3)
  8 leopard geckos
  46 orcs
  2 giant cockroaches
  11 goblins
  13 hobgoblins
  11 jackals
  5 quokkas
  3 ball pythons
  7 bats
  3 frilled lizards
  6 kobolds
  A leopard gecko skeleton (D:7)
  3 rats
243 creatures vanquished.

Vanquished Creatures (collateral kills)
  A two-headed ogre (D:8)
  An orc warrior (D:8)
  An orc priest (D:8)
  2 orc wizards (D:8)
5 creatures vanquished.

Vanquished Creatures (others)
  A lurking horror (Abyss:1)
1 creature vanquished.

Grand Total: 249 creatures vanquished

Notes
Turn   | Place    | Note
-------+----------+-------------------------------------------
     0 | D:1      | Faca the Minotaur Berserker began the quest for the Orb.
     0 | D:1      | Reached XP level 1. HP: 19/19 MP: 0/0
   300 | D:1      | Reached XP level 2. HP: 25/27 MP: 1/1
   848 | D:2      | Reached ** piety under Trog
   957 | D:2      | Reached XP level 3. HP: 17/33 MP: 2/2
  1086 | D:2      | Noticed Ijyb
  1095 | D:2      | Killed Ijyb
  1247 | D:2      | Noticed Robin
  1262 | D:2      | Reached XP level 4. HP: 23/41 MP: 3/3
  1280 | D:2      | Killed Robin
  1605 | D:2      | Found an iron altar of Okawaru.
  1607 | D:2      | Found a shattered altar of Ashenzari.
  2008 | D:3      | Found a runed door.
  2012 | D:3      | Noticed Crazy Yiuf
  2020 | D:3      | Killed Crazy Yiuf
  2020 | D:3      | Reached XP level 5. HP: 44/47 MP: 4/4
  2915 | D:4      | Reached skill level 5 in Axes
  3002 | D:4      | Reached skill level 5 in Fighting
  3106 | D:4      | Found a shimmering altar of Xom.
  3176 | D:4      | Reached XP level 6. HP: 46/56 MP: 5/5
  3382 | D:4      | Reached *** piety under Trog
  3853 | D:4      | Reached XP level 7. HP: 62/62 MP: 6/6
  3925 | D:4      | Reached skill level 5 in Armour
  4178 | D:5      | Entered Level 5 of the Dungeon
  4190 | D:5      | Reached skill level 5 in Dodging
  4509 | D:5      | Noticed Faca's ghost (novice GrFi)
  4522 | D:5      | Reached XP level 8. HP: 44/71 MP: 7/7
  4928 | D:5      | Reached **** piety under Trog
  5652 | D:6      | Found Cuyrisuk's Book Emporium.
  5721 | D:6      | Found a staircase to the Ecumenical Temple.
  5842 | D:6      | Noticed Sigmund
  5884 | D:6      | Killed Sigmund
  5884 | D:6      | Reached XP level 9. HP: 55/81 MP: 3/8
  6208 | D:6      | Noticed Menkaure
  6222 | D:6      | Killed Menkaure
  7276 | D:7      | Reached ***** piety under Trog
  8172 | D:8      | Reached XP level 10. HP: 91/91 MP: 9/9
  8555 | D:8      | Received a gift from Trog
  9021 | D:9      | Reached skill level 10 in Axes
  9363 | D:9      | Reached skill level 1 in Shields
  9982 | D:9      | Reached skill level 10 in Fighting
 10145 | D:9      | Killed an unseen horror
 10268 | D:9      | Received a gift from Trog
 10320 | D:10     | Entered Level 10 of the Dungeon
 10540 | D:10     | Cast into level 1 of the Abyss (orc warrior)
 10553 | Abyss:1  | Noticed a large abomination
 10590 | Abyss:1  | Noticed a thrashing horror
 10621 | Abyss:1  | Noticed a wretched star
 10633 | Abyss:1  | Lost intelligence.
 10639 | Abyss:1  | HP: 2/74 [small abomination (3)]
 10646 | D:10     | Escaped the Abyss
 10646 | D:10     | Killed from afar by an orc wizard

Vault maps used:
D:1:      roderic_octagonal_star
D:2:      chequers_temple_overflow_statue_of_worship, first_bread, uniq_robin,
          uniq_iyjb
D:3:      uniq_crazy_yiuf_cottage
D:4:      led_xom_imps
D:6:      serial_shops, kennysheep_mini, uniq_menkaure, uniq_sigmund
D:7:      grunt_decor_cap
D:8:      grunt_pizzeria
D:10:     serial_shops, shop_fountains, special_room, lemuel_blue_sif_altar

Skill      XL: |  1  2  3  4  5  6  7  8  9 10 |
---------------+-------------------------------+-----
Fighting       | 4 5 6 7 9 10 | 10.2
Axes           | 4 5 6 8 9 10 | 10.4
Armour         | 3 4 5 7 8 9 |  9.9
Dodging        | 3 4 5 6 8 9 |  9.3
Shields        | 3 |  3.3

Action                   |  1- 3 |  4- 6 |  7- 9 | 10-12 || total
-------------------------+-------+-------+-------+-------++-------
Melee: Hand axe          |    78 |   153 |   398 |   201 ||   830
       Headbutt          |    13 |    19 |    93 |    47 ||   172
       Trident           |     8 |       |       |       ||     8
       Quarterstaff      |       |    10 |       |       ||    10
Invok: Burn Spellbooks   |       |       |     1 |     1 ||     2
       Brothers in Arms  |       |       |       |     1 ||     1
  Use: Scroll            |     8 |     3 |     4 |     5 ||    20
       Potion            |       |     1 |     1 |       ||     2
  Eat: Bread ration      |     1 |     1 |       |       ||     2
       Fruit             |       |     3 |       |       ||     3
       Beef jerky        |       |     1 |       |       ||     1
       Meat ration       |       |       |     2 |       ||     2
       Pizza             |       |       |     1 |     5 ||     6
Armor: Scale mail        |    56 |    25 |    56 |   105 ||   242
       Chain mail        |       |    38 |    97 |       ||   135
Dodge: Dodged            |    70 |   117 |   246 |   169 ||   602
Block: Buckler           |       |       |       |    28 ||    28
       Shield            |       |       |       |    23 ||    23
